 Dungeon Crawl Stone Soup version 0.25-a0-340-ga1faa1601d (webtiles) character file.

Game seed: 4327581505167707670, levelgen mode: deterministic

1386 Goblin1989 the Tainter (level 8, -4/46 HPs)
             Began as an Octopode Venom Mage on Dec 26, 2019.
             Was an Initiate of Sif Muna.
             Slain by a centaur (8 damage)
             ... on level 7 of the Dungeon on Dec 30, 2019.
             The game lasted 00:24:26 (7490 turns).

Goblin1989 the Tainter (Octopode Venom Mage)        Turns: 7490, Time: 00:24:27

Health: -4/46      AC:  1    Str: 11    XL:     8   Next: 67%
Magic:  7/15       EV: 16    Int: 19    God:    Sif Muna [......]
Gold:   280        SH:  2    Dex: 16    Spells: 4/17 levels left

rFire    . . .     SeeInvis .   X - +3 falchion
rCold    . . .     Gourm    .   (no shield)
rNeg     . . .     Faith    .   (helmet restricted)
rPois    .         Spirit   .   Q - +2 amulet of reflection
rElec    .         Reflect  +   m - +3 ring of strength
rCorr    .         Harm     .   Z - +4 ring of dexterity
MR       .....                  (no ring)
Stlth    +++.......             (no ring)
HPRegen  0.15/turn              (no ring)
MPRegen  0.14/turn              (no ring)
                                (no ring)
                                (no ring)

@: no status effects
A: almost no armour, stealthy swim, amphibious, 8 rings, constrict 8, camouflage
1, gelatinous body 1
a: Renounce Religion


You were on level 7 of the Dungeon.
You worshipped Sif Muna.
Sif Muna was noncommittal.
You were full.

You visited 2 branches of the dungeon, and saw 8 of its levels.

You collected 280 gold pieces.

Inventory:

Hand Weapons
 J - a +1 dagger of protection
 P - a +0 rapier
 W - a +0 dagger of venom
 X - a +3 falchion (weapon)
Jewellery
 m - a +3 ring of strength (left tentacle)
 v - an uncursed ring of fire
 C - an uncursed ring of fire
 O - an uncursed amulet of magic regeneration {unknown}
 Q - a +2 amulet of reflection (around mantle)
 Z - a +4 ring of dexterity (right tentacle)
Wands
 u - a wand of disintegration (26)
 L - a wand of random effects (7)
 M - a wand of digging (6) {@v1}
Scrolls
 s - 2 scrolls of enchant armour
 N - a scroll of random uselessness {unknown}
 R - a scroll of identify {@r1}
 T - a scroll of teleportation
 U - a scroll of enchant weapon {unknown}
 V - 2 scrolls of remove curse {@r3}
 Y - a scroll of fear
Potions
 g - 2 potions of lignification {unknown}
 j - a potion of mutation {!q}
 k - a potion of agility {unknown}
 n - a potion of magic
 p - 2 potions of haste {@q3,}
 t - 3 potions of heal wounds {unknown}
 x - a potion of curing {unknown}
 z - a potion of brilliance {unknown}
 K - a potion of resistance {unknown}
 S - 2 potions of might {@q4}
Comestibles
 e - 5 rations


   Skills:
 + Level 5.2 Dodging
 - Level 2.6 Stealth
 + Level 5.0 Spellcasting
 - Level 2.0 Transmutations
 * Level 9.4 Poison Magic


You had 4 spell levels left.
You knew the following spells:

 Your Spells              Type           Power        Failure   Level  Hunger
a - Sting                 Tmut/Pois      ####         1%          1    None
b - Poisonous Vapours     Pois/Air       ###...       2%          2    #......
c - Olgreb's Toxic Radia  Pois           #####...     2%          4    ####...
d - Ignite Poison         Fire/Tmut/Pois ###.....     8%          3    ##.....
m - Mephitic Cloud        Conj/Pois/Air  ###.....     11%         3    ##.....

Your spell library contained the following spells:

 Spells                   Type           Power        Failure   Level  Hunger


Dungeon Overview and Level Annotations

Branches:
Dungeon (7/15)             Temple (1/1) D:6

Altars:
Elyvilon
Gozag
Makhleb
Nemelex Xobeh
Qazlal
Sif Muna
Vehumet
Wu Jian
The Shining One


Innate Abilities, Weirdness & Mutations

You cannot wear most types of armour.
You are very stealthy in the water. (Stealth+)
You are amphibious.
You can wear up to eight rings at the same time.
You can use your tentacles to constrict eight enemies at once.
Your skin changes colour to match your surroundings (Stealth+).
Your rubbery body absorbs attacks. (AC +1, EV +1)


Message History

Poisonous vapours surround the orc!
The orc wizard shouts!
The orc is engulfed in poison gas.
The orc is poisoned.
You now have 9/15 mp.
Casting: Poisonous Vapours (safe; 3% risk of failure)
Confirm with . or Enter, or press ? or * to list all spells.
You begin to radiate toxic energy.
The orc warrior is poisoned.
The orc wizard is poisoned.
You kill the orc!
Sif Muna accepts your kill.
The orc is poisoned.
The orc warrior looks even sicker.
You now have 5/15 mp.
Unknown command.
The orc warrior looks even sicker.
The orc wizard looks even sicker.
You kill the orc!
Sif Muna accepts your kill.
Your toxic aura wanes.
The orc wizard gestures at you while chanting.
You feel yourself slow down.
The orc wizard mumbles some strange words.
The orc wizard seems to speed up.
You block the orc warrior's attack.
The orc wizard mumbles some strange words.
The orc wizard blinks!
You kill the orc wizard!
Sif Muna accepts your kill. The orc warrior completely misses you.
The orc warrior hits you from afar with a cursed +0 trident!
You take 9 damage, and have 37/46 hp.
The orc warrior misses you. The orc warrior closely misses you.
The orc warrior misses you. The orc warrior misses you.
The orc warrior hits you from afar with a cursed +0 trident!!
* * * LOW HITPOINT WARNING * * *
You take 19 damage, and have 19/46 hp.
MASSIVE DAMAGE!!
The orc warrior hits you from afar with a cursed +0 trident!!
* * * LOW HITPOINT WARNING * * *
You take 18 damage, and have 1/46 hp.
MASSIVE DAMAGE!!
Unknown command.
You kill the orc warrior!
Sif Muna accepts your kill.
Your Spellcasting skill increases to level 5!
Unknown command.
Unknown command.
You eat one of the 6 rations.
That ration really hit the spot!
You hear the creaking of a very distant portcullis.
You feel yourself speed up.
You open the door.
A quokka comes into view.
Okay, then.
Casting: Olgreb's Toxic Radiance (safe; 2% risk of failure)
Confirm with . or Enter, or press ? or * to list all spells.
Aiming: Poisonous Vapours (safe; 2% risk of failure)
Press: ? - help, Dir - move target cursor, f - quokka
Aim: a quokka (resting) Poisonous vapours surround the quokka!
The quokka is engulfed in poison gas.
The quokka is poisoned.
You now have 8/15 mp.
You miss the quokka. You grab the quokka. Your squeeze misses the quokka.
The quokka is severely wounded.
You constrict the quokka.
You kill the quokka!
Sif Muna accepts your kill.
You open the door.
A leopard gecko comes into view.
Casting: Poisonous Vapours (safe; 2% risk of failure)
Confirm with . or Enter, or press ? or * to list all spells.
Aiming: Poisonous Vapours (safe; 2% risk of failure)
Press: ? - help, Dir - move target cursor, f - leopard gecko
Aim: a leopard gecko (resting) Poisonous vapours surround the leopard gecko!
The leopard gecko hisses angrily.
The leopard gecko is engulfed in poison gas.
The leopard gecko is poisoned.
You kill the leopard gecko!
Sif Muna accepts your kill.
You now have 7/15 mp.
Unknown command.
There is an open door here.
You open the door.
A centaur comes into view.
There is an open door here.
Casting: Poisonous Vapours (safe; 2% risk of failure)
Confirm with . or Enter, or press ? or * to list all spells.
Aiming: Poisonous Vapours (safe; 2% risk of failure)
Press: ? - help, Dir - move target cursor, f - centaur
Aim: a centaur, quivering 5 arrows (resting) Poisonous vapours surround the centaur!
The centaur shouts!
The centaur is engulfed in poison gas.
The centaur is poisoned.
The centaur completely misses you.
The centaur is engulfed in poison gas.
The centaur looks even sicker.
The centaur hits you.
* * * LOW HITPOINT WARNING * * *
You take 3 damage, and have 3/46 hp.
You now have 7/15 mp.
You hit the centaur but do no damage.
The centaur is heavily wounded.
The centaur misses you. You block the centaur's attack.
You hit the centaur.
The centaur is severely wounded.
The centaur hits you!
You die...

█▲ ...
██▲█████....
█....../....
█..c.......
█..@.......
█.......███
██ █.......█
.. █.......█
.. ████∆████
.. █.....█ .
█.....██..█


████ █.....█...█ █... █.....█...█ █... You could see a centaur.

Vanquished Creatures
  An orc warrior (D:7)
  An ice beast (D:5)
  A sky beast (D:6)
  3 ogres
  2 centaurs
  A bullfrog (D:4)
  A scorpion (D:6)
  A howler monkey (D:4)
  2 crimson imps (D:5)
  An orc priest (D:4)
  2 hounds
  2 orc wizards
  4 worker ants
  4 gnolls (D:2)
  9 adders
  2 shadow imps
  An ooze (D:4)
  An adder zombie (D:5)
  3 worms
  A dart slug (D:2)
  4 leopard geckos
  7 orcs
  3 giant cockroaches
  7 goblins
  5 hobgoblins
  4 jackals (D:1)
  8 kobolds
  5 quokkas
  2 ball pythons (D:3)
  6 bats
  4 frilled lizards
  A leopard gecko skeleton (D:4)
  A quokka zombie (D:6)
  10 rats
110 creatures vanquished.

Notes
Turn   | Place    | Note
-------+----------+-------------------------------------------
     0 | D:1      | Goblin1989 the Octopode Venom Mage began the quest for the
                  | Orb.
     0 | D:1      | Reached XP level 1. HP: 11/11 MP: 3/3
   138 | D:1      | Reached XP level 2. HP: 17/17 MP: 3/5
   241 | D:1      | Reached skill level 4 in Poison Magic
   463 | D:1      | Learned a level 2 spell: Poisonous Vapours
   510 | D:1      | Upgraded the game from 0.25-a0-317-g5f8687bca5 to
                  | 0.25-a0-340-ga1faa1601d
   860 | D:1      | Reached XP level 3. HP: 15/21 MP: 3/6
  2181 | D:2      | Reached XP level 4. HP: 23/27 MP: 0/7
  2603 | D:2      | Reached skill level 5 in Poison Magic
  2679 | D:2      | Reached XP level 5. HP: 31/31 MP: 3/9
  2768 | D:2      | Found a radiant altar of Vehumet.
  2769 | D:2      | Found an opulent altar of Gozag.
  2784 | D:2      | Found a sparkling altar of Nemelex Xobeh.
  3141 | D:2      | Learned a level 4 spell: Olgreb's Toxic Radiance
  4545 | D:4      | Learned a level 3 spell: Mephitic Cloud
  4626 | D:4      | Reached skill level 6 in Poison Magic
  4626 | D:4      | Reached XP level 6. HP: 22/36 MP: 7/10
  5456 | D:4      | Reached XP level 7. HP: 41/41 MP: 4/12
  5603 | D:4      | Learned a level 3 spell: Ignite Poison
  5650 | D:5      | Entered Level 5 of the Dungeon
  5658 | D:5      | Reached skill level 7 in Poison Magic
  6347 | D:5      | Reached skill level 8 in Poison Magic
  6347 | D:5      | Reached XP level 8. HP: 30/46 MP: 12/14
  6877 | D:6      | Found a staircase to the Ecumenical Temple.
  6885 | Temple   | Entered the Ecumenical Temple
  6892 | Temple   | Became a worshipper of Sif Muna the Loreminder
  7224 | D:7      | Reached skill level 9 in Poison Magic
  7414 | D:7      | Reached skill level 5 in Dodging
  7452 | D:7      | HP: 1/46 [orc warrior/cursed +0 trident (19)]
  7453 | D:7      | Reached skill level 5 in Spellcasting
  7490 | D:7      | Slain by a centaur

Levels and vault maps discovered:
D:1:      nicolae_arrival_somewhat_less_tricky_arrival, layout_basic
D:2:      layout_loops_corners, nicolae_overflow_hidden_temple
D:3:      layout_rooms, first_ration
D:4:      minmay_chambers_of_threes, layout_cave_pods,
          hangedman_decor_peaks_small
D:5:      layout_rooms
D:6:      layout_loops_ring, minmay_temple_entry_drinking_statues
D:7:      layout_gridville, enter_bailey_3
Temple:   compressed_dpeg_circular_temple

Skill      XL: |  1  2  3  4  5  6  7  8 |
---------------+-------------------------+-----
Poison Magic   | 4 5 6 8 9 |  9.4
Transmutations | 2 |  2.0
Spellcasting   | 3 4 5 |  5.0
Dodging        | 3 4 5 |  5.2
Stealth        | |  2.6

Action                   |  1- 3 |  4- 6 |  7- 9 || total
-------------------------+-------+-------+-------++-------
Melee: Unarmed           |    62 |    24 |       ||    86
       Constrict         |    21 |    12 |     5 ||    38
       Tentacles         |     5 |     5 |     8 ||    18
       Rapier            |       |     8 |    13 ||    21
       Falchion          |       |       |    24 ||    24
 Cast: Sting             |    36 |    37 |     3 ||    76
       Poisonous Vapours |     3 |    39 |    34 ||    76
       Olgreb's Toxic Ra |       |     2 |     1 ||     3
       Mephitic Cloud    |       |       |     2 ||     2
       Ignite Poison     |       |       |     2 ||     2
  Use: Scroll            |       |    13 |       ||    13
 Stab: Sleeping          |     8 |     4 |     2 ||    14
  Eat: Chunk             |     3 |     7 |     2 ||    12
       Ration            |     1 |     1 |     3 ||     5
Armor: Skin              |     7 |       |     1 ||     8
Dodge: Dodged            |    66 |    32 |    36 ||   134
Block: Other             |       |       |     5 ||     5
       Reflection        |       |       |     1 ||     1
       Rpst.: Falchion   |       |       |     5 ||     5

Table legend:
 A = Non-vault XP
 B = Vault XP
 C = Vault XP percentage of total XP
 D = Non-vault monster count
 E = Vault monster count
 F = Vault count percentage of total count
                 A         B        C        D         E       F
            +---------+---------+-------+---------+---------+-------
      Total |    1819 |     161 |   8.1 |     106 |       4 |   3.6
            +---------+---------+-------+---------+---------+-------
        D:1 |      45 |       0 |   0.0 |      29 |       0 |   0.0
        D:2 |     128 |       0 |   0.0 |      21 |       0 |   0.0
        D:3 |      43 |       0 |   0.0 |      13 |       0 |   0.0
        D:4 |     254 |     161 |  38.8 |      15 |       4 |  21.1
        D:5 |     576 |       0 |   0.0 |      14 |       0 |   0.0
        D:6 |     342 |       0 |   0.0 |       6 |       0 |   0.0
        D:7 |     431 |       0 |   0.0 |       8 |       0 |   0.0
            +---------+---------+-------+---------+---------+-------

Levels and vault maps discovered:
D:1:      nicolae_arrival_somewhat_less_tricky_arrival, layout_basic
D:2:      layout_loops_corners, nicolae_overflow_hidden_temple
D:3:      layout_rooms, first_ration
D:4:      minmay_chambers_of_threes, layout_cave_pods,
          hangedman_decor_peaks_small
D:5:      layout_rooms
D:6:      layout_loops_ring, minmay_temple_entry_drinking_statues
D:7:      layout_gridville, enter_bailey_3
Temple:   compressed_dpeg_circular_temple
